 Dungeon Crawl Stone Soup version 0.23-a0-307-gc3b755d (webtiles) character file.

25 iamserjio the Magician (level 2, -6/15 HPs)
             Began as a Deep Elf Wanderer on Oct 10, 2018.
             Mangled by a scorpion (10 damage)
             ... on level 2 of the Dungeon.
             The game lasted 00:04:51 (576 turns).

iamserjio the Magician (Deep Elf Wanderer)           Turns: 576, Time: 00:04:52

Health: -6/15      AC:  2    Str:  8    XL:     2   Next: 82%
Magic:  1/8        EV: 12    Int: 16    God:
Gold:   65         SH:  0    Dex: 15    Spells: 5/8 levels left

rFire    . . .     SeeInvis .   d - +0 dagger
rCold    . . .     Gourm    .   (no shield)
rNeg     . . .     Faith    .   c - +0 robe
rPois    .         Spirit   .   (no helmet)
rElec    .         Reflect  .   (no cloak)
rCorr    .         Harm     .   (no gloves)
MR       .....                  (no boots)
Stlth    ++........             (no amulet)
HPRegen  0.05/turn              (no ring)
MPRegen  0.11/turn              (no ring)

@: no status effects
A: no striking features
a: no special abilities


You were on level 2 of the Dungeon.
You were not hungry.

You visited 1 branch of the dungeon, and saw 2 of its levels.

You collected 65 gold pieces.

Inventory:

Hand Weapons
 b - a +0 hunting sling
 d - a +0 dagger (weapon)
Missiles
 a - 11 stones (quivered)
 l - 19 sling bullets
Armour
 c - a +0 robe (worn)
Scrolls
 e - a scroll of blinking {unknown}
 g - a scroll of amnesia {unknown}
 h - a scroll of remove curse {unknown}
 m - a scroll of teleportation {unknown}
Potions
 i - a potion of brilliance {unknown}
 j - 2 potions of haste {unknown}
Comestibles
 f - 3 rations
 k - 2 chunks of flesh


   Skills:
   Level 2.0 Staves
 + Level 1.8 Dodging
 - Level 1.2 Stealth
   Level 1.0 Shields
 * Level 3.7 Spellcasting
 * Level 1.6 Conjurations
 - Level 1.1 Summonings
   Level 2.1 Translocations


You had 5 spell levels left.
You knew the following spells:

 Your Spells              Type           Power        Failure   Level  Hunger
a - Magic Dart            Conj           #...         9%          1    None
b - Call Imp              Summ           #.......     17%         2    ##.....

Your spell library contained the following spells:

 Spells                   Type           Power        Failure   Level  Hunger
 Blink                    Tloc           N/A          11%         2    ##.....
 Slow                     Hex            #.......     26%         2    ##.....
 Conjure Flame            Conj/Fire      #.......     36%         3    ###....
 Mephitic Cloud           Conj/Pois/Air  #.......     38%         3    ###....


Dungeon Overview and Level Annotations

Branches:
Dungeon (2/15)

Altars:


Message History

Casting: Magic Dart (safe; 9% risk of failure)
Aiming: Magic Dart (safe; 9% risk of failure)
Aim: a scorpion The magic dart hits the scorpion.
You aren't carrying any items that you can evoke.
Unknown command.
A kobold comes into view. It is wielding a dagger.
The kobold shouts!
Found a stone staircase leading up.
You hit the kobold but do no damage. The kobold barely misses you.
Casting: Magic Dart (safe; 9% risk of failure)
Aiming: Magic Dart (safe; 9% risk of failure)
Aim: a scorpion The magic dart hits the scorpion.
The kobold hits you but does no damage.
Your magical contamination has completely faded away.
You closely miss the kobold. The kobold hits you but does no damage.
The scorpion closely misses you.
You closely miss the kobold. The scorpion stings you!
Ouch! That really hurt!
You die...

#..###########
#...s...(.....
#.############ #.# #.#
###.##### # #.......#
#.###.###.#.###.#
#.....K@s.#.# #.#
###########.# #.#
............# #.#
######..######.#
#.............######
......................
###.####.#####<.######
.. #.. #..# ## ##.#
#.........


You could see a scorpion and a kobold.

Vanquished Creatures
  An adder (D:2)
  3 bats (D:1)
  A giant cockroach (D:1)
  3 goblins (D:1)
  2 hobgoblins (D:1)
  2 kobolds (D:1)
  5 rats (D:1)
17 creatures vanquished.

Notes
Turn   | Place    | Note
-------+----------+-------------------------------------------
     0 | D:1      | iamserjio the Deep Elf Wanderer began the quest for the
                  | Orb.
     0 | D:1      | iamserjio set off with: a potion of curing {@q1}, a +0
                  | robe, a +0 dagger, a ration
     0 | D:1      | Reached XP level 1. HP: 10/10 MP: 6/6
     2 | D:1      | Learned a level 1 spell: Magic Dart
   205 | D:1      | Reached skill level 1 in Conjurations
   230 | D:1      | Reached XP level 2. HP: 10/15 MP: 0/8
   522 | D:2      | Learned a level 2 spell: Call Imp
   549 | D:2      | Noticed a scorpion
   576 | D:2      | Mangled by a scorpion

Vault maps used:
D:1:      dpeg_arrival_morbid_curiosity
D:2:      zin_treasury, minmay_small_reverse_x, uniq_sigmund

Skill      XL: |  1 |
---------------+----+-----
Conjurations   | 1 |  1.6
Staves         | |  2.0
Dodging        | |  1.8
Stealth        | |  1.2
Shields        | |  1.0
Spellcasting   | |  3.7
Summonings     | |  1.1
Translocations | |  2.1

Action                   || total
-------------------------++-------
Melee: Dagger            ||    14
Throw: Stone             ||     5
 Cast: Magic Dart        ||    49
  Use: Potion            ||     1
Armor: Robe              ||    14
Dodge: Dodged            ||    46

Table legend:
 A = Non-vault XP
 B = Vault XP
 C = Vault XP percentage of total XP
 D = Non-vault monster count
 E = Vault monster count
 F = Vault count percentage of total count
                 A         B        C        D         E       F
            +---------+---------+-------+---------+---------+-------
      Total |      27 |       9 |  25.0 |      12 |       5 |  29.4
            +---------+---------+-------+---------+---------+-------
        D:1 |      14 |       9 |  39.1 |      11 |       5 |  31.2
        D:2 |      13 |       0 |   0.0 |       1 |       0 |   0.0
            +---------+---------+-------+---------+---------+-------
